 Dungeon Crawl Stone Soup version 0.29-a0-813-g4a14ea37d6 (webtiles) character file.

Game seed: 5326462277607184756

471 LynnLen the Covert (level 6, -3/32 HPs)
             Began as a Vampire Enchanter on July 5, 2022.
             Slain by a gnoll sergeant
             ... wielding a +0 trident
              (11 damage)
             ... on level 5 of the Dungeon.
             The game lasted 00:23:21 (5144 turns).

LynnLen the Covert (Vampire Enchanter)              Turns: 5144, Time: 00:23:21

Health: -3/32      AC:  7    Str:  7    XL:     6   Next: 83%
Magic:  9/9        EV: 14    Int: 17    God:
Gold:   171        SH:  0    Dex: 23    Spells: 3/9 levels left

rFire   . . .      SeeInvis +   b - +1 dagger (speed)
rCold   + + +      Faith    .   (no shield)
rNeg    + + +      Spirit   .   n - +3 leather armour {rC+}
rPois   ∞          Reflect  .   a - +0 helmet
rElec   .          Harm     .   (no cloak)
rCorr   .          Rampage  .   (no gloves)
Will    .....                   (no boots)
Stlth   ++++++....              (no amulet)
HPRegen 0.00/turn               i - +6 ring of dexterity
MPRegen 0.11/turn               B - +4 ring of slaying

@: bloodless, inhibited regen, invisible
A: bloodless, fangs 3, see invisible, vampiric 2
a: Bat Form, Revivify


You were on level 5 of the Dungeon.
You visited 1 branch of the dungeon, and saw 5 of its levels.

You collected 171 gold pieces.

Inventory:

Hand Weapons
 b - a +1 dagger of speed (weapon)
Missiles
 l - 10 boomerangs
 w - 8 poisoned darts
Armour
 a - a +0 helmet (worn)
 n - a +3 leather armour of cold resistance (worn)
 v - a +0 cloak
Jewellery
 g - a ring of protection from cold
 i - a +6 ring of dexterity (left hand)
 q - a ring of wizardry
 B - a +4 ring of slaying (right hand)
Wands
 o - a wand of flame (19)
 A - a wand of charming (11)
Scrolls
 d - a scroll of fear {unknown}
 f - a scroll of torment {unknown}
 h - a scroll of amnesia {unknown}
 k - 3 scrolls of fog
 m - 2 scrolls of enchant armour
 r - a scroll of enchant weapon {unknown}
 u - 2 scrolls of teleportation
 x - a scroll of immolation {unknown}
 y - 2 scrolls of vulnerability
 C - a scroll of acquirement {unknown}
Potions
 c - 2 potions of invisibility
 e - 4 potions of curing
 j - a potion of haste
 p - 3 potions of brilliance
 s - a potion of mutation {unknown}
 t - a potion of berserk rage {unknown}
 z - 3 potions of magic {unknown}
 D - a potion of degeneration {unknown}


   Skills:
 + Level 2.9 Short Blades
 * Level 3.9 Dodging
 * Level 9.4 Stealth
 + Level 2.4 Spellcasting
 + Level 5.2 Hexes


You had 3 spell levels left.
You knew the following spells:

 Your Spells              Type           Power      Damage    Failure   Level
a - Confusing Touch       Hex            20%        N/A       10%         3
b - Tukima's Dance        Hex            20%        N/A       10%         3

Your spell library contained the following spells:

 Spells                   Type           Power      Damage    Failure   Level
 Slow                     Hex            80%        N/A       3%          1
 Ensorcelled Hibernation  Hex/Ice        22%        N/A       14%         2
 Sting                    Tmut/Pois      8%         1d3       28%         1
 Dazzling Flash           Conj/Hex       22%        N/A       28%         3
 Poisonous Vapours        Pois/Air       4%         N/A       38%         2
 Sublimation of Blood     Necr           2%         N/A       38%         2
 Wereblood                Tmut           2%         N/A       38%         2
 Vampiric Draining        Necr           2%         2d6       63%         3
 Olgreb's Toxic Radiance  Pois           2%         N/A       95%         4
 Summon Hydra             Summ           1%         N/A       100%        7
 Chain Lightning          Conj/Air       1%         3d1       100%        9
 Fire Storm               Conj/Fire      1%         7d1       100%        9
 Shatter                  Erth           1%         3d5*      100%        9


Dungeon Overview and Level Annotations

Branches:
Dungeon (5/15)
 Temple: D:4-7

Altars:
Kikubaaqudgha

Shops:
D:1 *

Annotations:
D:2 1 runed translucent door, Crazy Yiuf


Innate Abilities, Weirdness & Mutations

You do not regenerate when monsters are visible.
You are frail without blood (-20% HP).
You can heal yourself when you bite living creatures.
You are immune to poison.
You have razor-sharp teeth.
You have supernaturally acute eyesight. (SInv)
You are afflicted with vampirism and can become a bat while bloodless.


Message History

You see here a hound corpse.
Found a spear.
D - a metallic black potion
There is a stone staircase leading down here.
Things that are here:
a +2 trident of venom; an orc skeleton
Found 2 javelins.
You see here 2 javelins.
You now have enough gold to buy a scroll of vulnerability on D:1.
You can access your shopping list by pressing '$'.
You now have 156 gold pieces (gained 16).
Found a stone staircase leading down.
You now have 171 gold pieces (gained 15).
A gnoll comes into view. It is wielding a +0 club.
A gnoll comes into view. It is wielding a +0 flail.
A gnoll sergeant comes into view. It is wielding a +0 trident.
The gnoll shouts!
The gnoll sergeant shouts!
You hear an angry hiss.
You hear a shout!
An adder comes into view.
A gnoll comes into view. It is wielding a +0 flail.
A water moccasin comes into view.
The water moccasin bites you. x2
The water moccasin barely misses you.
The water moccasin bites you but does no damage.
You hit the gnoll.
The gnoll is heavily wounded.
The water moccasin closely misses you.
You hit the gnoll.
The gnoll is almost dead.
The gnoll completely misses you. The water moccasin bites you.
You hit the gnoll but do no damage.
The gnoll is almost dead.
The gnoll sergeant hits you from afar with a +0 trident!
* * * LOW HITPOINT WARNING * * *
The gnoll barely misses you.
You fade into invisibility!
The water moccasin barely misses you.
The water moccasin completely misses you.
The gnoll sergeant hits you from afar with a +0 trident!
You die...

### #.# .# #.# #.#
#.###### #.# .
#..##..####.# ...
##........#..#
....####..##.g......#
..g...g..####gS.....#
.....g..## ##g@....#
....##### #......## .
... #.b####.## #.
#..# ##.## #.# ....#
##.## #.# P♣♣♣P.
##.####.# ...
##..##.# ♣♣P
#......## .♣
.......#....###


You could see a water moccasin (unable to see you), a gnoll sergeant (unable to
see you) and 2 gnolls.

Vanquished Creatures
  A necrophage (D:5)
  A scorpion (D:4)
  2 hounds (D:5)
  An orc priest (D:5)
  2 iguanas (D:4)
  An orc wizard (D:5)
  Robin (D:2)
  7 adders
  A shadow imp (D:5)
  An ufetubus (D:4)
  A worm (D:4)
  2 dart slugs
  6 orcs
  3 bats
  7 endoplasms
  6 giant cockroaches
  11 goblins
  12 hobgoblins
  4 jackals (D:1)
  9 kobolds
  3 quokkas (D:1)
  3 ball pythons
  A frilled lizard (D:2)
  2 rats
88 creatures vanquished.

Notes
Turn   | Place    | Note
-------+----------+-------------------------------------------
     0 | D:1      | LynnLen the Vampire Enchanter began the quest for the Orb.
     0 | D:1      | Reached XP level 1. HP: 13/13 MP: 3/3
    77 | D:1      | Found Rinuvum's Assorted Antiques.
   174 | D:1      | Reached XP level 2. HP: 15/15 MP: 5/5
   440 | D:1      | You fall into a shaft and drop 1 floor!
   455 | D:2      | Reached skill level 5 in Stealth
   558 | D:2      | Found an ancient bone altar of Kikubaaqudgha.
   627 | D:2      | Found a runed translucent door.
   628 | D:2      | Noticed Crazy Yiuf
   992 | D:1      | Gained mutation: You are afflicted with vampirism and can
                  | become a bat while bloodless. [Vampire growth]
   992 | D:1      | Reached XP level 3. HP: 16/19 MP: 6/6
  1005 | D:1      | Learned a level 3 spell: Confusing Touch
  1009 | D:1      | Learned a level 3 spell: Tukima's Dance
  1262 | D:1      | Reached skill level 5 in Hexes
  1593 | D:1      | Found a faded altar of an unknown god.
  1698 | D:2      | Noticed Robin
  2015 | D:1      | Reached skill level 6 in Stealth
  2373 | D:2      | Killed Robin
  2416 | D:2      | Reached XP level 4. HP: 19/24 MP: 7/7
  3666 | D:4      | Reached skill level 7 in Stealth
  3702 | D:4      | Noticed a scorpion
  3740 | D:4      | Killed a scorpion
  3741 | D:4      | Reached XP level 5. HP: 23/28 MP: 1/8
  3943 | D:4      | Reached skill level 8 in Stealth
  4324 | D:4      | Reached XP level 6. HP: 32/32 MP: 9/9
  4583 | D:5      | Entered Level 5 of the Dungeon
  4889 | D:5      | Reached skill level 9 in Stealth
  5129 | D:5      | Noticed a water moccasin
  5144 | D:5      | Slain by a gnoll sergeant

Illustrated notes

Levels and vault maps discovered:
D:1:      erik_arrival_triangle_large, layout_loops_ring, serial_shops, shop,
          shapermc_ecumenical_altar_pompeii, minmay_tromino_v4_b
D:2:      layout_basic, basic_altar, uniq_crazy_yiuf_cottage, uniq_robin
D:3:      layout_rooms
D:4:      layout_loops_cross, hangedman_decor_opposing, supply_closet_lemuel
D:5:      layout_layer_cave, nicolae_elyvilon_peaceful_grove,
          kennysheep_generic_room_8

Skill      XL: |  1  2  3  4  5  6 |
---------------+-------------------+-----
Stealth        | 5 6 7 8 9 |  9.4
Hexes          | 5 |  5.2
Dodging        | 3 |  3.9
Short Blades   | 2 |  2.9
Spellcasting   | |  2.4

Action                   |  1- 3 |  4- 6 || total
-------------------------+-------+-------++-------
Melee: Dagger            |   129 |   174 ||   303
       Bite              |    13 |    11 ||    24
       Punch             |     2 |       ||     2
 Cast: Confusing Touch   |     2 |     5 ||     7
 Abil: Exsanguinate      |     1 |       ||     1
  Use: Scroll            |     3 |     4 ||     7
       Potion            |       |     1 ||     1
 Stab: Sleeping          |    13 |    20 ||    33
       Confused          |     1 |     3 ||     4
Armor: Robe              |    20 |       ||    20
       Leather armour    |    14 |    45 ||    59
Dodge: Dodged            |    71 |    69 ||   140

Table legend: (Time is in decaauts)
 A = Elapsed time spent in this place.
 B = Non-inter-level travel time spent in this place.
 C = Inter-level travel time spent in this place.
 D = Time resting spent in this place.
 E = Time spent auto-exploring this place.
 F = Levels seen in this place.
 G = Mean time per level.
                   A        B        C        D        E       F      G
               +--------+--------+--------+--------+--------+-----+--------+
         Total |   5058 |   5058 |      0 |   1095 |   1899 |   5 | 1011.6 |
       Dungeon |   5058 |   5058 |      0 |   1095 |   1899 |   5 | 1011.6 |
               +--------+--------+--------+--------+--------+-----+--------+

Top non-repeatable levels by time:
     D:1: 2037 daAuts
     D:4: 1044 daAuts
     D:2: 1008 daAuts
     D:3: 520 daAuts
     D:5: 446 daAuts
